 Dungeon Crawl Stone Soup version 0.31.0 (webtiles) character file.

Game seed: 8951588653018562708

375 qw the Shooter (level 6, -4/38 HPs)
             Began as a Gargoyle Hunter on Jan 20, 2024.
             Slain by an ogre
             ... wielding a +0 giant club
              (18 damage)
             ... on level 4 of the Dungeon.
             The game lasted 00:00:13 (3277 turns).

qw the Shooter (Gargoyle Hunter)                    Turns: 3277, Time: 00:00:14

Health: -4/38      AC: 11    Str: 15    XL:     6   Next: 72%
Magic:  6/6        EV: 11    Int:  9    God:
Gold:   52         SH:  0    Dex: 15    Spells: 5/5 levels left

rFire   . . .        a - +0 shortbow
rCold   . . .        (shield currently unavailable)
rNeg    + . .        h - +0 ring mail
rPois   inf          (no helmet)
rElec   +            (no cloak)
rCorr   .            e - +1 pair of gloves
SInv    +            (no boots)
Will    .....        (no amulet)
Stlth   +            f - ring of see invisible
HPRegen 0.26/turn    (no ring)
MPRegen 0.10/turn

%: no passive effects
@: no status effects
A: sickness immunity, AC +4, negative energy resistance 1, electricity
resistance, torment resistance 1, petrification resistance
a: no special abilities


You were on level 4 of the Dungeon.
You visited 1 branch of the dungeon, and saw 4 of its levels.
You also visited: Sewer.

You collected 147 gold pieces.
You spent 95 gold pieces at shops.


Innate Abilities, Weirdness & Mutations

You are immune to sickness and miasma.
Your stone body is resilient. (AC +4)
You are immune to poison.
You resist negative energy. (rN+)
You are resistant to electric shocks. (rElec)
You are resistant to unholy torment.
You are immune to petrification.


   Skills:
 - Level 4.0 Fighting
 + Level 7.0 Ranged Weapons
 - Level 1.0 Armour
 - Level 1.5 Dodging
 - Level 1.1 Stealth


You had 5 spell levels left.
You didn't know any spells.
Your spell library was empty.

Inventory:

Hand Weapons
 a - a +0 shortbow (weapon)
Armour
 e - a +1 pair of gloves (worn)
 h - a +0 ring mail (worn)
 i - a +0 helmet
Jewellery
 f - a ring of see invisible (left hand)
Scrolls
 j - a scroll of immolation {unknown}
Potions
 b - a potion of mutation
 c - 2 potions of enlightenment
 d - a potion of heal wounds
 g - a potion of curing
 k - a potion of resistance {unknown}
 l - a potion of attraction {unknown}
 m - a potion of cancellation {unknown}

Dungeon Overview and Level Annotations

Branches:
Dungeon (4/15)              Sewer (visited)
 Temple: D:4-7

Altars:
Kikubaaqudgha
Xom

Shops:
D:3 ?


Message History

The arrow hits the orc but does no damage.
Something unseen opens the door.
The orc closely misses you.
You shoot an arrow. The arrow barely misses the orc.
The arrow hits the orc.
The orc is moderately wounded.
You shoot an arrow. The arrow hits the orc.
The orc is almost dead.
The orc hits you with a +1 flail of holy wrath.
The orc barely misses you.
You shoot an arrow. The arrow hits the orc.
You kill the orc!
The orc barely misses you.
You shoot an arrow. The arrow hits the ogre.
The ogre is lightly wounded.
The ogre hits you with a +0 giant club. The orc barely misses you.
The orc hits you with a +0 whip.
You shoot an arrow. The arrow hits the ogre!
The ogre is moderately wounded.
The orc hits you with a +1 flail of holy wrath.
The orc misses you.
The ogre hits you with a +0 giant club!!
You shoot an arrow. The arrow barely misses the ogre.
The orc hits you but does no damage. The orc hits you with a +0 whip.
3274 ||| DRINKING 2 potions of heal wounds.
You feel much better. The orc barely misses you.
The orc hits you but does no damage. The ogre barely misses you.
You shoot an arrow. The arrow hits the ogre.
The ogre is heavily wounded.
The orc barely misses you. The orc misses you.
The ogre hits you with a +0 giant club.
You shoot an arrow. The arrow hits the ogre!
The ogre is almost dead.
The orc hits you with a +1 flail of holy wrath.
The orc hits you but does no damage.
You shoot an arrow. The arrow hits the ogre.
The ogre is almost dead.
The orc hits you with a +1 flail of holy wrath.
The orc hits you with a +0 whip.
The ogre hits you with a +0 giant club!!
You die...

#. ##..## #.#### #...##
########....######.....
#......#....+......#.##
.#.....)#....######.#.##
........#....'..........
#......##...######.#.##
#....o.##.>....###.#.##
#....o@................
##'##O####+###+###.#.##
..o ....... #..... .....
....... +..... .......
....... #..... .......
....... #..... .......
.......##..... .......
..............
#.######......


You could see an ogre and 3 orcs.

Vanquished Creatures
  A kobold brigand (Sewer)
  3 jellies
  2 orc priests (D:4)
  Robin (D:4)
  An adder (D:3)
  A river rat (Sewer)
  2 ribbon worms (D:3)
  2 dart slugs (D:1)
  5 orcs
  13 endoplasms
  3 giant cockroaches
  21 goblins
  10 hobgoblins
  3 jackals
  5 quokkas
  9 ball pythons
  4 bats
  6 frilled lizards
  6 kobolds
  12 rats
110 creatures vanquished.

Notes
Turn   | Place    | Note
-------+----------+-------------------------------------------
     0 | D:1      | qw the Gargoyle Hunter began the quest for the Orb.
     0 | D:1      | Reached XP level 1. HP: 12/12 MP: 1/1
     0 | D:1      | 0 ||| qw: Version: 0.3-a-132-g3d54051
     0 | D:1      | 0 ||| qw: Game counter: 510
     0 | D:1      | 0 ||| qw: Melee chars always use a shield: true
     0 | D:1      | 0 ||| qw: God list: Okawaru
     0 | D:1      | 0 ||| qw: Allow faded altars: false
     0 | D:1      | 0 ||| qw: Do Orc after clearing Dungeon:15 true
     0 | D:1      | 0 ||| qw: Do second Lair branch before Depths: true
     0 | D:1      | 0 ||| qw: Lair rune preference: random
     0 | D:1      | 0 ||| qw: Goals: Normal
     0 | D:1      | 0 ||| PLANNING D:1-11
    71 | D:1      | Found Otoutz's Armour Emporium.
   104 | D:1      | Reached XP level 2. HP: 16/17 MP: 2/2
   429 | D:1      | Reached XP level 3. HP: 21/21 MP: 3/3
   438 | D:1      | You fall into a shaft and drop 1 floor!
   452 | D:2      | Reached skill level 5 in Ranged Weapons
   570 | D:2      | 570 ||| FLEEEEING.
   571 | D:2      | 571 ||| FLEEEEING.
   572 | D:2      | 572 ||| STAIRDANCE
   894 | D:1      | 894 ||| UPGRADING to +0 pair of gloves.
   899 | D:1      | 899 ||| UPGRADING to +0 ring mail.
   909 | D:1      | 909 ||| DROPPING +0 leather armour.
   910 | D:1      | 910 ||| UPGRADING to ring of see invisible.
   911 | D:1      | 911 ||| READING scroll labelled MUZUOL JAHAIS.
   912 | D:1      | 912 ||| READING scroll labelled QAAVUU HIPNOH.
   913 | D:1      | 913 ||| READING scroll labelled OLESIW WUAQOT.
   914 | D:1      | 914 ||| READING scroll labelled TAM DYLU TELAE.
  1015 | D:1      | 1015 ||| READING scroll labelled ENKENW XUULEI.
  1016 | D:1      | 1016 ||| DROPPING scroll of butterflies.
  1284 | D:2      | Reached skill level 1 in Armour
  1578 | D:3      | 1578 ||| PLANNING SEWER
  1683 | D:3      | Reached XP level 4. HP: 14/27 MP: 4/4
  1687 | D:3      | Reached skill level 3 in Fighting
  1692 | D:3      | HP: 5/28 [acid (8)]
  1702 | D:3      | 1702 ||| FLEEEEING.
  1773 | D:3      | 1773 ||| FLEEEEING.
  1861 | D:3      | Found a shimmering altar of Xom.
  2005 | D:3      | Reached XP level 5. HP: 32/32 MP: 5/5
  2090 | D:3      | Found a glowing drain.
  2091 | D:3      | 2091 ||| DROPPING ring of flight.
  2094 | Sewer    | Entered a sewer
  2183 | Sewer    | Noticed a kobold brigand
  2200 | Sewer    | Killed a kobold brigand
  2201 | Sewer    | Reached skill level 6 in Ranged Weapons
  2248 | Sewer    | Found a white marble altar of Elyvilon.
  2292 | D:3      | 2292 ||| PLANNING D:1-11
  2352 | D:3      | Found Vobiafast's Magic Scroll Shop.
  2361 | D:3      | 2361 ||| BUYING scroll of enchant armour (75 gold).
  2361 | D:3      | Bought a scroll of enchant armour for 75 gold pieces
  2361 | D:3      | 2361 ||| BUYING scroll of identify (20 gold).
  2361 | D:3      | Bought a scroll of identify for 20 gold pieces
  2361 | D:3      | 2361 ||| SHOPLISTING scroll of teleportation (30 gold, have
                  | 0).
  2361 | D:3      | 2361 ||| READING scroll of enchant armour.
  2361 | D:3      | 2361 ||| ENCHANTING +0 pair of gloves.
  2437 | D:3      | Found an ancient bone altar of Kikubaaqudgha.
  2602 | D:3      | 2602 ||| READING scroll of identify.
  2602 | D:3      | 2602 ||| IDENTIFYING lumpy amethyst potion
  2603 | D:3      | 2603 ||| READING scroll labelled JIUFFI JOIXU.
  2604 | D:3      | 2604 ||| FLEEEEING.
  2710 | D:4      | Reached XP level 6. HP: 37/37 MP: 6/6
  2745 | D:4      | Noticed Robin
  2760 | D:4      | Killed Robin
  2936 | D:4      | 2936 ||| FLEEEEING.
  3206 | D:4      | Reached skill level 7 in Ranged Weapons
  3273 | D:4      | HP: 8/38 [orc/+0 whip (3)]
  3274 | D:4      | 3274 ||| DRINKING 2 potions of heal wounds.
  3277 | D:4      | Slain by an ogre

Levels and vault maps discovered:
D:1:      noname_arrival_rooms_in_the_neighbourhood, layout_basic, serial_shops,
          shop, skrybe_limestone_x, minmay_split_cup_small
D:2:      layout_loops_ring
D:3:      layout_loops_cross, kiku_gazebo_pond_becter, xom_confusion_cloud,
          serial_shops, nicolae_square_shop,
          mainiacjoe_sewer_entry_somewhere_in_here_1, grunt_ministairs_1
D:4:      layout_basic, uniq_natasha, uniq_robin

Skill      XL: |  1  2  3  4  5  6 |
---------------+-------------------+-----
Ranged Weapons | 5 6 7 |  7.0
Armour         | 1 |  1.0
Fighting       | 3 4 |  4.0
Dodging        | |  1.5
Stealth        | |  1.1

Action                     |  1- 3 |  4- 6 || total
---------------------------+-------+-------++-------
   Fire: Shortbow          |   105 |   230 ||   335
    Use: Scroll            |     5 |     3 ||     8
         Potion            |       |     1 ||     1
 Armour: Leather armour    |     4 |       ||     4
         Ring mail         |    28 |   127 ||   155
  Dodge: Dodged            |    19 |   129 ||   148

Table legend:
 A = Non-vault XP
 B = Vault XP
 C = Vault XP percentage of total XP
 D = Non-vault monster count
 E = Vault monster count
 F = Vault count percentage of total count
                 A         B        C        D         E       F
            +---------+---------+-------+---------+---------+-------
      Total |     290 |     246 |  45.9 |      69 |      41 |  37.3
            +---------+---------+-------+---------+---------+-------
        D:1 |      38 |       6 |  13.6 |      21 |       3 |  12.5
        D:2 |      27 |       0 |   0.0 |      16 |       0 |   0.0
        D:3 |      31 |      84 |  73.0 |      16 |      17 |  51.5
        D:4 |     194 |      36 |  15.7 |      16 |      12 |  42.9
      Sewer |       0 |     120 | 100.0 |       0 |       9 | 100.0
            +---------+---------+-------+---------+---------+-------
